 Dungeon Crawl Stone Soup version 0.29-a0-359-g541a27f54d (webtiles) character file.

Game seed: 16675981636566905771

16 Essalna the Conjurer (level 2, 19/19 HPs)
             Began as a Demonspawn Conjurer on Apr 28, 2022.
             Got out of the dungeon alive.
             The game lasted 00:00:41 (314 turns).

Essalna the Conjurer (Demonspawn Conjurer)           Turns: 314, Time: 00:00:41

Health: 19/19      AC:  2    Str:  7    XL:     2   Next: 37%
Magic:  3/5        EV: 12    Int: 19    God:
Gold:   4          SH:  0    Dex: 11    Spells: 4/5 levels left

rFire   . . .      SeeInvis .   (no weapon)
rCold   . . .      Faith    .   (no shield)
rNeg    . . .      Spirit   .   a - +0 robe
rPois   .          Reflect  .   (no helmet)
rElec   .          Harm     .   (no cloak)
rCorr   .          Rampage  .   (no gloves)
Will    .....                   (no boots)
Stlth   ++........              (no amulet)
HPRegen 0.06/turn               (no ring)
MPRegen 0.09/turn               (no ring)

@: no status effects
A: weakness stinger 1
a: no special abilities


You escaped.
You visited 1 branch of the dungeon, and saw 1 of its levels.

You collected 4 gold pieces.

Inventory:

Hand Weapons
 e - a +0 dagger
Armour
 a - a +0 robe (worn)
Jewellery
 d - an amulet of magic regeneration
Scrolls
 c - a scroll of fear {unknown}
Potions
 b - a potion of magic


   Skills:
 - Level 1.7 Dodging
 - Level 1.7 Stealth
 + Level 2.4 Spellcasting
 + Level 4.3 Conjurations


You had 4 spell levels left.
You knew the following spells:

 Your Spells              Type           Power      Damage    Failure   Level
a - Magic Dart            Conj           72%        1d6       2%          1

Your spell library contained the following spells:

 Spells                   Type           Power      Damage    Failure   Level
 Searing Ray              Conj           36%        2d5       4%          2
 Foxfire                  Conj/Fire      40%        2x1d6     7%          1
 Conjure Flame            Conj/Fire      10%        6-21      21%         3
 Dazzling Flash           Conj/Hex       20%        N/A       21%         3
 Inner Flame              Hex/Fire       2%         N/A       43%         3
 Flame Wave               Conj/Fire      10%        2d5       54%         4
 Fulminant Prism          Conj/Hex       5%         3d7       54%         4
 Iskenderun's Mystic Bla  Conj/Tloc      10%        2d4       54%         4


Dungeon Overview and Level Annotations

Branches:
Dungeon (1/15)

Altars:


Innate Abilities, Weirdness & Mutations

You have a small tail.


Message History

The gnoll is heavily wounded.
You are too depleted to draw on your mana recklessly!
You are too depleted to draw on your mana recklessly!
You are too depleted to draw on your mana recklessly!
You are too depleted to draw on your mana recklessly!
You see here a +0 dagger.
e - a +0 dagger
Casting: Magic Dart (safe; 3% risk of failure)
Confirm with . or Enter, or press ? or * to list all spells.
Aiming: Magic Dart (safe; 3% risk of failure)
Press: ? - help, Shift-Dir - straight line, f/p - gnoll
Aim: a gnoll, wielding a +0 club (heavily wounded, 100% to hit)
The magic dart hits the gnoll but does no damage.
The gnoll is heavily wounded.
Casting: Magic Dart (safe; 3% risk of failure)
Confirm with . or Enter, or press ? or * to list all spells.
Aiming: Magic Dart (safe; 3% risk of failure)
Press: ? - help, Shift-Dir - straight line, f/p - gnoll
Aim: a gnoll, wielding a +0 club (heavily wounded, 100% to hit)
The magic dart hits the gnoll.
The gnoll is heavily wounded.
Casting: Magic Dart (safe; 3% risk of failure)
Confirm with . or Enter, or press ? or * to list all spells.
Aiming: Magic Dart (safe; 3% risk of failure)
Press: ? - help, Shift-Dir - straight line, f/p - gnoll
Aim: a gnoll, wielding a +0 club (heavily wounded, 100% to hit)
The magic dart hits the gnoll.
You kill the gnoll!
You have reached level 2!
Your demonic ancestry asserts itself...
You grow a small tail.
Things that are here:
a +0 club; a gnoll corpse
There is an open door here.
There is a staircase leading out of the dungeon here.
Are you sure you want to leave the Dungeon?
This will make you lose the game!
Alright, then stay!
Unknown command.
Are you sure you want to leave the Dungeon?
This will make you lose the game!
You have escaped!

........###.#....#.#.#.######
........#.......##..........)
........#.##.........#.######
........#...........[....
#######.##....#'#++#....##
........#.....#....#....#
#######.#######.88.######
....# #.# #....# ....# #.#
#.@..# ....# #.############
....###......##
................
....#########..# ##### #


There were no monsters in sight!

Vanquished Creatures
  A gnoll (D:1)
  2 endoplasms (D:1)
  2 goblins (D:1)
  A frilled lizard (D:1)
6 creatures vanquished.

Notes
Turn   | Place    | Note
-------+----------+-------------------------------------------
     0 | D:1      | Essalna the Demonspawn Conjurer began the quest for the
                  | Orb.
     0 | D:1      | Reached XP level 1. HP: 13/13 MP: 3/3
   277 | D:1      | Gained mutation: You have a small tail. [demonic ancestry]
   277 | D:1      | Reached XP level 2. HP: 19/19 MP: 0/5
   314 | D:$      | Got out of the dungeon alive.

Illustrated notes

Levels and vault maps discovered:
D:1:      sevenhm_arrival_forest_fort_small_6, layout_basic, serial_shops,
          shop_coins, corexii_item_surrounded_by_moat

Action                   || total
-------------------------++-------
 Cast: Magic Dart        ||    13

Table legend: (Time is in decaauts)
 A = Elapsed time spent in this place.
 B = Non-inter-level travel time spent in this place.
 C = Inter-level travel time spent in this place.
 D = Time resting spent in this place.
 E = Time spent auto-exploring this place.
 F = Levels seen in this place.
 G = Mean time per level.
                   A        B        C        D        E       F      G
               +--------+--------+--------+--------+--------+-----+--------+
         Total |    314 |    278 |     36 |      0 |    212 |   1 |  314.0 |
       Dungeon |    314 |    278 |     36 |      0 |    212 |   1 |  314.0 |
               +--------+--------+--------+--------+--------+-----+--------+

Top non-repeatable levels by time:
     D:1: 314 daAuts
